 Dungeon Crawl Stone Soup version 0.28.0-53-g5a82cb258f (webtiles) character file.

Game seed: 16704160066853601264

192 Sin92 the Skirmisher (level 5, -1/42 HPs)
             Began as a Demonspawn Fighter on June 9, 2022.
             Slain by Edmund
             ... wielding a +4 dire flail of holy wrath
              (4 damage)
             ... on level 4 of the Dungeon.
             The game lasted 00:02:38 (2694 turns).

Sin92 the Skirmisher (Demonspawn Fighter)           Turns: 2694, Time: 00:02:40

Health: -1/42      AC:  8    Str: 16    XL:     5   Next: 42%
Magic:  5/5        EV:  9    Int:  9    God:
Gold:   124        SH:  5    Dex: 15    Spells: 4/4 levels left

rFire   . . .      SeeInvis .   a - +0 war axe
rCold   . . .      Faith    .   c - +0 buckler
rNeg    . . .      Spirit   .   b - +0 scale mail
rPois   .          Reflect  .   i - +0 helmet
rElec   .          Harm     .   (no cloak)
rCorr   .          Rampage  .   (no gloves)
Will    .....                   (no boots)
Stlth   ..........              (no amulet)
HPRegen 0.14/turn               (no ring)
MPRegen 0.09/turn               (no ring)

@: about to teleport
A: hooves 1, spiny 2
a: no special abilities


You were on level 4 of the Dungeon.
You visited 1 branch of the dungeon, and saw 4 of its levels.

You collected 124 gold pieces.

Inventory:

Hand Weapons
 a - a +0 war axe (weapon)
 u - a +1 vorpal hand axe
Missiles
 j - 5 silver javelins (quivered)
Armour
 b - a +0 scale mail (worn)
 c - a +0 buckler (worn)
 i - a +0 helmet (worn)
Jewellery
 k - a ring of wizardry
Scrolls
 e - 3 scrolls of identify
 g - 2 scrolls of magic mapping
 q - 2 scrolls of blinking
 t - a scroll of torment {unknown}
Potions
 d - 3 potions of might
 f - a potion of degeneration {unknown}
 h - a potion of haste {unknown}
 m - a potion of flight {unknown}
 o - a potion of curing {unknown}
 p - a potion of resistance {unknown}
 r - a potion of berserk rage {unknown}


   Skills:
 + Level 3.8 Fighting
 + Level 2.7 Axes
 + Level 3.4 Armour
 + Level 2.0 Dodging
 + Level 3.4 Shields


You had 4 spell levels left.
You didn't know any spells.
Your spell library contained the following spells:

 Spells                   Type           Power      Damage    Failure   Level
 Corpse Rot               Necr/Air       0%         N/A       96%         2
 Poisonous Vapours        Pois/Air       0%         N/A       96%         2
 Call Canine Familiar     Summ           0%         N/A       99%         3
 Portal Projectile        Hex/Tloc       0%         N/A       99%         3
 Tukima's Dance           Hex            0%         N/A       99%         3
 Leda's Liquefaction      Hex/Erth       0%         N/A       100%        4
 Passage of Golubria      Tloc           0%         N/A       100%        4
 Yara's Violent Unravell  Hex/Tmut       0%         3d3       100%        5


Dungeon Overview and Level Annotations

Branches:
Dungeon (4/15)
 Temple: D:4-7

Altars:

Annotations:
D:4 Edmund


Innate Abilities, Weirdness & Mutations

You have large cloven feet.
You are mostly covered in sharp spines.


Message History

Unknown command.
Edmund the Younger comes into view.
He is wielding a +4 dire flail of holy wrath and wearing a +2 scale mail of fire resistance.
There are monsters nearby!
Unknown command.
You slash the endoplasm!
You kill the endoplasm!
Edmund barely misses you.
You hit Edmund.
Edmund is lightly wounded.
Edmund barely misses you.
You barely miss Edmund. Your kick misses Edmund.
Edmund is lightly wounded.
Edmund barely misses you.
Edmund hits you with a +4 dire flail of holy wrath!
You convulse.
You slash Edmund! You kick Edmund.
Edmund is heavily wounded.
Edmund barely misses you.
You barely miss Edmund.
Edmund is heavily wounded.
You block Edmund's attack. Edmund is struck by your spines.
Edmund hits you with a +4 dire flail of holy wrath!
You convulse.
* * * LOW HITPOINT WARNING * * *
You are too injured to fight recklessly!
You are too injured to fight recklessly!
As you read the scroll labelled IREIMO JENAD, it crumbles to dust.
You hear a loud clanging noise!
It was a scroll of noise.
Edmund hits you with a +4 dire flail of holy wrath.
* * * LOW HITPOINT WARNING * * *
You convulse.
* * * LOW HITPOINT WARNING * * *
As you read the scroll labelled CUARYMIFAY, it crumbles to dust.
You feel strangely unstable.
It was a scroll of teleportation.
Edmund is struck by your spines.
Edmund hits you with a +4 dire flail of holy wrath.
* * * LOW HITPOINT WARNING * * *
You convulse.
You die...

.....# #..##
..#.##### #...#
........###
####.... ..........
#....... #.........
#....... #.........
#....... #.@.......
#....... #.@.......
#......† #......###
#####...
##.#############...
#.................
##################


You could see Edmund.

Vanquished Creatures
  An ogre (D:4)
  A howler monkey skeleton (D:4)
  An adder (D:2)
  An adder skeleton (D:2)
  An adder zombie (D:2)
  2 worms (D:2)
  2 dart slugs
  8 orcs
  2 bat zombies (D:2)
  7 endoplasms
  A giant cockroach (D:3)
  7 goblins
  6 hobgoblins
  3 jackals (D:2)
  4 kobolds
  2 quokkas (D:3)
  4 ball pythons
  3 bats
  5 frilled lizards
  A jackal skeleton (D:2)
  3 quokka skeletons (D:2)
  A quokka zombie (D:2)
  8 rats
74 creatures vanquished.

Vanquished Creatures (others)
  5 plants (D:3)
5 creatures vanquished.

Grand Total: 79 creatures vanquished

Notes
Turn   | Place    | Note
-------+----------+-------------------------------------------
     0 | D:1      | Sin92 the Demonspawn Fighter began the quest for the Orb.
     0 | D:1      | Reached XP level 1. HP: 18/18 MP: 1/1
   333 | D:1      | Gained mutation: You have large cloven feet. [demonic
                  | ancestry]
   333 | D:1      | Reached XP level 2. HP: 24/24 MP: 2/2
   979 | D:2      | Reached skill level 1 in Dodging
   979 | D:2      | Gained mutation: You are partially covered in sharp spines.
                  | [demonic ancestry]
   979 | D:2      | Reached XP level 3. HP: 29/29 MP: 3/3
  1410 | D:2      | Reached XP level 4. HP: 35/35 MP: 4/4
  1649 | D:3      | Found a faded altar of an unknown god.
  2524 | D:4      | Noticed an ogre
  2531 | D:4      | Killed an ogre
  2532 | D:4      | Gained mutation: You are mostly covered in sharp spines.
                  | [demonic ancestry]
  2532 | D:4      | Reached XP level 5. HP: 35/42 MP: 5/5
  2685 | D:4      | Noticed Edmund
  2694 | D:4      | Slain by Edmund

Illustrated notes

Levels and vault maps discovered:
D:1:      nzn_arrival_settlement, layout_loops_ring
D:2:      layout_loops_ring, serial_undead, serial_undead_d, serial_undead_b,
          serial_undead_c, serial_undead_c, serial_undead_a, serial_undead_a
D:3:      wad_lake_hut, layout_basic, basic_ecumenical_altar
D:4:      layout_basic, uniq_edmund

Skill      XL: |  1  2  3  4  5 |
---------------+----------------+-----
Axes           | 2 |  2.7
Dodging        | 1 2 |  2.0
Shields        | 3 |  3.4
Armour         | 3 |  3.4
Fighting       | |  3.8

Action                   |  1- 3 |  4- 6 || total
-------------------------+-------+-------++-------
Melee: War axe           |    80 |    51 ||   131
       Kick              |    12 |    10 ||    22
  Use: Scroll            |       |     5 ||     5
Armor: Scale mail        |    28 |    12 ||    40
Dodge: Dodged            |    38 |    18 ||    56
Block: Buckler           |    22 |     9 ||    31
